 Dungeon Crawl Stone Soup version 0.22.1-1-ga44c0e5 (webtiles) character file.

684776 Lavandula the Executioner (level 24, -8/208 (214) HPs)
             Began as a Centaur Berserker on Nov 2, 2018.
             Was a High Priest of Makhleb.
             Killed from afar by Ypuiseck the pandemonium lord (45 damage)
             ... with an iron shot
             ... in Pandemonium on Nov 4, 2018.
             The game lasted 05:02:37 (35284 turns).

Lavandula the Executioner (Centaur Berserker)      Turns: 35284, Time: 05:02:38

HP:   -8/208 (214)  AC: 25    Str: 27 (31) XL:     24   Next: 73%
MP:   2/14          EV: 14    Int: 13 (14) God:    Makhleb [*****.]
Gold: 1558          SH:  0    Dex: 13      Spells: 5/37 levels left

rFire    . . .     SeeInvis .   Z - +8 executioner's axe (antimagic)
rCold    + + +     Gourm    .   (shield currently unavailable)
rNeg     + + .     Faith    .   i - +2 robe of Vines {NoPotionHeal Regen+7}
rPois    +         Spirit   .   G - +1 hat {Int+3}
rElec    .         Reflect  .   H - +2 cloak {rPois}
rCorr    .         Harm     .   g - +2 pair of gloves {Str+3}
MR       +++..                  y - +3 centaur barding {Stlth+}
Stlth    ++........             W - amulet of regeneration
HPRegen  3.64/turn              o - ring of the Tarantula {rPois rN++ Str+2 Dex+3 Slay+3}
MPRegen  0.14/turn              s - ring "Unegrug" {rC+++ MR++ MP+9 Str-3 Int+3}

@: very slightly contaminated, hasted, very quick
A: large, antennae 1, hooves 3, slimy green scales 1, deformed body, speed 2,
screaming 1, tough skin 3
}: 9/15 runes: decaying, serpentine, slimy, silver, abyssal, glowing, magical,
fiery, dark
a: Minor Destruction, Lesser Servant of Makhleb, Major Destruction, Greater
Servant of Makhleb, Renounce Religion


You were in Pandemonium.
You worshipped Makhleb.
Makhleb was extremely pleased with you.
You were hungry.

You visited 11 branches of the dungeon, and saw 50 of its levels.
You visited Pandemonium 2 times, and saw 11 of its levels.
You visited the Abyss 1 time.
You also visited: Labyrinth and Ice Cave.

You collected 6428 gold pieces.
You spent 4870 gold pieces at shops.

Inventory:

Hand Weapons
 h - a +2 executioner's axe of freezing
 C - a +8 battleaxe of flaming
 Z - a +8 antimagic executioner's axe (weapon)
Missiles
 R - 15 javelins (quivered)
Armour
 g - a +2 pair of gloves of strength (worn)
 i - the +2 robe of Vines (worn) {NoPotionHeal Regen+7}
   (You bought it in a shop on level 2 of the Orcish Mines)

   It increases your rate of regeneration.
 l - the +3 salamander hide armour {+Rage rF++}
   (You found it on level 1 of the Lair of Beasts)

   It greatly protects you from fire.
   It lets you go berserk.
 y - a +3 centaur barding of stealth (worn)
 G - a +1 hat of intelligence (worn)
 H - a +2 cloak of poison resistance (worn)
 O - a +0 centaur barding of cold resistance
Jewellery
 k - the ring "Zobrufyemp" {rElec rPois rC+ Int+4}
   (You found it on level 5 of the Pits of Slime)

   [ring of protection from cold]

   It affects your intelligence (+4).
   It protects you from cold.
   It insulates you from electricity.
   It protects you from poison.
 m - the ring "Loustuihimi" {rF+ Str+4 Int-3}
   (You took it off a vault sentinel on level 5 of the Vaults)

   [ring of intelligence]

   It affects your strength (+4).
   It affects your intelligence (-3).
   It protects you from fire.
 o - the ring of the Tarantula (left hand) {rPois rN++ Str+2 Dex+3 Slay+3}
   (You took it off a deep elf mage on level 5 of the Vaults)

   [ring of slaying]

   It affects your strength (+2).
   It affects your dexterity (+3).
   It affects your accuracy and damage with ranged weapons and melee attacks
   (+3).
   It protects you from poison.
   It greatly protects you from negative energy.
 p - an uncursed amulet of the acrobat
 s - the ring "Unegrug" (right hand) {rC+++ MR++ MP+9 Str-3 Int+3}
   (You found it on level 5 of the Pits of Slime)

   [ring of intelligence]

   It affects your strength (-3).
   It affects your intelligence (+3).
   It renders you almost immune to cold.
   It affects your resistance to hostile enchantments.
   It affects your magic capacity (+9).
 v - an uncursed ring of resist corrosion
 w - an uncursed ring of wizardry
 x - the ring "Raisoi Jomiwk" {rF+ rC+ MR++ Int+8 Dex-4}
   (You took it off a minotaur in a labyrinth)

   [ring of protection from fire]

   It affects your intelligence (+8).
   It affects your dexterity (-4).
   It protects you from fire.
   It protects you from cold.
   It affects your resistance to hostile enchantments.
 z - an uncursed ring of see invisible
 Q - the ring of Shadows {Umbra +Inv Stlth+}
   (You found it on level 3 of the Crypt)

   [ring of stealth]

   It lets you turn invisible.
   It makes you more stealthy.
 W - an amulet of regeneration (around neck)
Wands
 a - a wand of enslavement (36)
 r - a wand of digging (8)
 K - a wand of iceblast (30)
 L - a wand of paralysis (10)
 P - a wand of acid (20)
Scrolls
 d - 3 scrolls of teleportation
 n - 14 scrolls of remove curse
 q - 6 scrolls of identify
 A - 9 scrolls of immolation
 B - a scroll of summoning
 J - a scroll of holy word
 M - 2 scrolls of amnesia
 U - 2 scrolls of magic mapping
 V - a scroll of blinking
 Y - a scroll of fog
Potions
 e - 2 potions of ambrosia
 f - a potion of haste {spiral vault}
 t - 2 potions of magic
 u - a potion of invisibility
 D - 2 potions of resistance
 F - 13 potions of curing
 I - 5 potions of mutation
 N - a potion of might
 S - 2 potions of berserk rage
 T - a potion of cancellation
 X - 5 potions of brilliance
Miscellaneous
 b - 3 boxes of beasts
 j - a lightning rod (4/4)
 E - a phantom mirror
Comestibles
 c - 38 rations


   Skills:
 - Level 17.0 Fighting
 + Level 25.8 Axes
 - Level 9.0 Armour
 - Level 11.1 Dodging
   Level 3.7 Shields
 - Level 7.0 Spellcasting
 - Level 7.2 Hexes
 - Level 5.0 Charms
 - Level 5.0 Summonings
 - Level 4.7 Translocations
 + Level 11.0 Transmutations
 - Level 9.1 Air Magic
 - Level 11.0 Invocations
 - Level 3.9 Evocations


You had 5 spell levels left.
You knew the following spells:

 Your Spells              Type           Power        Failure   Level  Hunger
a - Blink                 Tloc           N/A          3%          2    #......
b - Necromutation         Tmut/Necr      ###.......   100%        8    #######
c - Passage of Golubria   Tloc           N/A          22%         4    ####...
d - Summon Lightning Spi  Summ/Air       ###.....     9%          4    ####...
e - Deflect Missiles      Chrm/Air       ###.......   77%         6    #######
f - Spectral Weapon       Hex/Chrm       ###.....     3%          3    ##.....
g - Apportation           Tloc           ###...       2%          1    None
h - Summon Butterflies    Summ           ###.....     1%          1    None
i - Regeneration          Chrm/Necr      ##........   16%         3    ##.....

Your spell library contained the following spells:

 Spells                   Type           Power        Failure   Level  Hunger
 Confusing Touch          Hex            ###...       1%          1    None
 Corona                   Hex            ###....      1%          1    None
 Summon Small Mammal      Summ           ###.         1%          1    None
 Slow                     Hex            ###.....     1%          2    #......
 Sticks to Snakes         Tmut           ####....     1%          2    #......
 Swiftness                Chrm/Air       ###.....     1%          2    #......
 Shock                    Conj/Air       ###.         2%          1    None
 Passwall                 Tmut/Erth      ###.....     2%          2    #......
 Confuse                  Hex            ###.....     2%          3    ##.....
 Tukima's Dance           Hex            ###.....     2%          3    ##.....
 Call Imp                 Summ           ###.....     3%          2    #......
 Poisonous Vapours        Pois/Air       ###...       3%          2    #......
 Portal Projectile        Hex/Tloc       ###...       3%          3    ##.....
 Summon Guardian Golem    Hex/Summ       ###.....     3%          3    ##.....
 Ensorcelled Hibernation  Hex/Ice        ##....       5%          2    #......
 Call Canine Familiar     Summ           ###.....     6%          3    ##.....
 Gell's Gravitas          Tloc           ###.......   6%          3    ##.....
 Lesser Beckoning         Tloc           ###.......   6%          3    ##.....
 Recall                   Summ/Tloc      N/A          6%          3    ##.....
 Static Discharge         Conj/Air       ###.....     7%          3    ##.....
 Cause Fear               Hex            ###.......   8%          4    ####...
 Yara's Violent Unravell  Hex/Tmut       ####......   10%         5    ######.
 Inner Flame              Hex/Fire       ##......     11%         3    ##.....
 Mephitic Cloud           Conj/Pois/Air  ##......     13%         3    ##.....
 Silence                  Hex/Air        ####......   14%         5    ######.
 Animate Skeleton         Necr           N/A          16%         1    None
 Magic Dart               Conj           #...         16%         1    None
 Pain                     Necr           #...         16%         1    None
 Sting                    Conj/Pois      #...         16%         1    None
 Petrify                  Tmut/Erth      ###.....     16%         4    ####...
 Leda's Liquefaction      Hex/Erth       ##........   34%         4    ####...
 Summon Mana Viper        Hex/Summ       ###.....     34%         5    ######.
 Conjure Flame            Conj/Fire      #.......     41%         3    ##.....
 Alistair's Intoxication  Tmut/Pois      ###.....     41%         5    ######.
 Summon Ice Beast         Ice/Summ       ##......     47%         4    ####...
 Summon Demon             Summ           ###.......   47%         5    ######.
 Force Lance              Conj/Tloc      ##......     50%         4    ####...
 Summon Forest            Summ/Tloc      ###.......   50%         5    ######.
 Metabolic Englaciation   Hex/Ice        ##........   67%         5    ######.
 Animate Dead             Necr           N/A          83%         4    ####...
 Olgreb's Toxic Radiance  Pois           #.......     83%         4    ####...
 Sticky Flame             Conj/Fire      #.......     83%         4    ####...
 Excruciating Wounds      Chrm/Necr      ##........   83%         5    ######.
 Borgnjor's Vile Clutch   Necr/Erth      #.........   99%         5    ######.
 Lee's Rapid Deconstruct  Erth           #.........   99%         5    ######.
 Venom Bolt               Conj/Pois      #.........   99%         5    ######.
 Darkness                 Hex            ###.......   75%         6    #######
 Invisibility             Hex            ###.....     75%         6    #######
 Shadow Creatures         Summ           N/A          96%         6    #######
 Dispersal                Tloc           ###.......   97%         6    #######
 Conjure Ball Lightning   Conj/Air       ###.......   98%         6    #######
 Death Channel            Necr           #.........   100%        6    #######
 Freezing Cloud           Conj/Ice/Air   ##........   100%        6    #######
 Poison Arrow             Conj/Pois      #.........   100%        6    #######
 Simulacrum               Ice/Necr       #.........   100%        6    #######
 Haunt                    Necr/Summ      ##........   100%        7    #######
 Ring of Flames           Chrm/Fire      ##........   100%        7    #######
 Borgnjor's Revivificati  Necr           #.........   100%        8    #######
 Chain Lightning          Conj/Air       ###.......   100%        8    #######
 Controlled Blink         Tloc           N/A          100%        8    #######
 Death's Door             Chrm/Necr      ##........   100%        8    #######
 Discord                  Hex            ###.......   100%        8    #######
 Disjunction              Tloc           ###.......   100%        8    #######
 Infestation              Necr           #.........   100%        8    #######
 Lehudib's Crystal Spear  Conj/Erth      #.........   100%        8    #######
 Fire Storm               Conj/Fire      #.........   100%        9    #######
 Glaciate                 Conj/Ice       #.........   100%        9    #######
 Tornado                  Air            ####......   100%        9    #######


Dungeon Overview and Level Annotations

Branches:
Dungeon (15/15)            Temple (1/1) D:6            Lair (6/6) D:8
  Swamp (4/4) Lair:4        Snake (4/4) Lair:2        Slime (5/5) Lair:6
    Orc (2/2) D:9             Elf (0/3) Orc:2        Vaults (5/5) D:13
  Crypt (3/3) Vaults:3       Tomb (0/3) Crypt:3      Depths (4/5) D:15
   Hell (1/1)
    Dis: Hell:1         Geh: Hell:1         Coc: Hell:1         Tar: Hell:1

Altars:
Ashenzari
Cheibriados
Fedhas
Gozag
Kikubaaqudgha
Makhleb
Qazlal
Ru
Sif Muna
Trog
Wu Jian
Yredelemnul
Zin
The Shining One
Beogh
Jiyva

Shops:
Orc:2 ![(%   Snake:1 ::}[   Depths:2 [**%:   Depths:3 *

Portals:
Hell: Depths:2 Depths:3
Pandemonium: Depths:2 Depths:3
Ziggurat: Depths:3

Annotations:
Vaults:2 Mennas
Hell Geryon


Innate Abilities, Weirdness & Mutations

You have hooves in place of feet.
Armour fits poorly on your strangely shaped body.
You cover ground very quickly.
You have extremely tough skin. (AC +3)
You have a pair of small antennae on your head.
You are partially covered in slimy green scales. (AC +2)
You occasionally shout uncontrollably at your foes.


Message History

You are covered in liquid flames!
* * * LOW HITPOINT WARNING * * *
You see here a demon trident of venom.
You are covered in liquid flames!
* * * LOW HITPOINT WARNING * * *
Ypuiseck gestures at you.
You feel haunted.
As you read the scroll of fog, it crumbles to dust.
The scroll dissolves into smoke.
You are covered in liquid flames!
* * * LOW HITPOINT WARNING * * *
The freezing wraith hits you but does no damage.
The freezing wraith misses you.
You see here an enchanted whip.
Casting: Blink (safe; 3% risk of failure)
Confirm with . or Enter, or press ? or * to list all spells.
You blink.
Ypuiseck gestures at you. The iron shot hits you!
You die...

#.# #.# #.# # #.# #.# #.# . #.#
#4# #.# . #.# #.# ##.# { . #.#
#4# #..######$#6 #.# #.#
#.)'.&...# . #.# #.#
#..########'
##########.######§###....§....6.
...........§W§§@§&..&..3........
#####.#########W#########.#####.
# #§# #.# . #.# #.# . #.# #.# .
#.# #.# . #.# #.. . #.# .#


You could see Ypuiseck and a wraith.

Vanquished Creatures
  Mnoleg (Pan)
  A pandemonium lord (Pan)
  An ancient lich (Vaults:5)
  Vashnia (Snake:4)
  Xtahua (Vaults:4)
  2 bone dragons
  A profane servitor (Pan)
  A Brimstone Fiend (Pan)
  A Tzitzimitl (Pan)
  4 liches
  An Ice Fiend (Pan)
  2 tentacled monstrosities
  A quicksilver dragon (Vaults:5)
  5 titans
  12 acid blobs
  11 Executioners (Pan)
  3 sphinxes
  6 tentacled starspawn
  An ancient champion (Crypt:1)
  7 tengu reavers
  A warmonger (Pan)
  4 shadow dragons
  6 thorn hunters
  5 azure jellies
  3 revenants (Crypt:1)
  9 nagarajas (Snake:4)
  3 storm dragons
  A frost giant (Depths:1)
  A ghost moth (Abyss:4)
  7 vault wardens
  An iron dragon (Vaults:5)
  2 deep elf sorcerers
  A caustic shrike zombie (Crypt:2)
  11 balrugs
  2 cacodemons (Pan)
  2 black suns (Pan)
  4 curse skulls
  19 ironheart preservers
  24 large abominations
  A draconian annihilator (Pan)
  4 war gargoyles
  8 ghouls
  3 reapers (Depths:3)
  A blood saint (Pan)
  11 very ugly things
  2 entropy weavers
  26 stone giants
  7 deep elf annihilators
  2 lorocyprocas (Pan)
  5 deep elf demonologists
  A dire elephant (Lair:6)
  5 blizzard demons
  A minotaur (Lab)
  A purple draconian (Abyss:2)
  Snorg (Orc:2)
  A deep elf death mage (Vaults:4)
  2 eidola
  2 death oozes (Slime:5)
  Josephine (Orc:1)
  A merfolk impaler (Depths:3)
  7 ettins
  5 fire dragons
  6 great orbs of eyes
  3 jiangshi
  A mummy priest (Crypt:3)
  8 green deaths
  16 yaktaur captains
  A monstrous demonspawn (Pan)
  10 hydras
  2 hell beasts
  8 rakshasas
  29 vault guards
  2 ice dragons
  A catoblepas (Lair:6)
  25 naga warriors
  3 anacondas
  The ghost of HoaS the Fighter, a journeyman GrBe of Trog (D:12)
  Erica (D:9)
  2 spriggan air magi
  A death knight (Vaults:2)
  2 tengu warriors
  5 centaur warriors
  10 ogre magi
  26 two-headed ogres
  A two-headed ogre (shapeshifter) (Vaults:2)
  4 alligators
  9 deep troll shamans
  12 death yaks
  2 satyrs (Abyss:4)
  10 small abominations
  A vampire mage (Crypt:1)
  5 thrashing horrors
  2 orc high priests (Orc:2)
  4 deep troll earth magi
  4 shock serpents
  2 shock serpents (shapeshifter)
  15 naga sharpshooters
  13 sun demons
  3 deep elf knights (Vaults:3)
  8 wretched stars
  5 soul eaters
  A death drake (shapeshifter) (Depths:3)
  11 hell knights (Crypt:3)
  6 sixfirhies
  2 titan skeletons (Crypt:3)
  8 shadow wraiths
  30 skeletal warriors
  7 spriggans
  A spatial maelstrom (Abyss:2)
  6 iron trolls
  5 naga ritualists (Snake:4)
  2 salamander mystics
  18 deep trolls
  An unseen horror (shapeshifter) (Abyss:2)
  A shambling mangrove (Swamp:4)
  A deep troll (shapeshifter) (Vaults:5)
  8 flayed ghosts
  4 glowing orange brains
  2 spriggan druids
  A gelid demonspawn (Pan)
  A storm dragon skeleton (Crypt:2)
  3 unseen horrors
  An infernal demonspawn (Pan)
  2 shadow demons (Pan)
  11 swamp dragons
  A harpy (Vaults:2)
  A shadow dragon zombie (Crypt:2)
  8 wizards
  A torturous demonspawn (Pan)
  2 deep elf archers (Vaults:4)
  7 ironbrand convokers
  15 phantasmal warriors
  4 necromancers
  15 orc knights
  A wolf spider (Vaults:2)
  32 ugly things
  An anaconda skeleton (Crypt:1)
  A salamander (shapeshifter) (Vaults:3)
  5 mana vipers
  11 salamanders
  25 deep elf magi
  2 frost giant skeletons
  4 cyclopes
  3 worldbinders
  An oklob plant (Abyss:2)
  9 elephants
  8 guardian serpents
  Maurice (Orc:2)
  2 centaur zombies
  3 eyes of devastation
  An elephant (shapeshifter) (Vaults:5)
  4 apocalypse crabs
  5 gargoyles
  2 rust devils
  A stone giant skeleton (Crypt:1)
  27 black mambas
  2 fire giant skeletons
  12 smoke demons
  An ice statue (IceCv)
  14 naga magi
  14 orange demons
  3 centaur skeletons
  9 vault sentinels
  9 spiny frogs
  A rime drake (shapeshifter) (Depths:3)
  A dire elephant skeleton (Pan)
  7 efreet
  46 yaktaurs
  3 tengu conjurers
  6 komodo dragons
  A shock serpent skeleton (Pan)
  A kobold demonologist (D:15)
  9 demonic crawlers
  8 hellwings
  2 tormentors (Pan)
  8 ice devils
  5 ancient zymes
  14 freezing wraiths
  2 guardian mummies (Crypt:3)
  A jumping spider (shapeshifter) (Vaults:2)
  9 trolls
  4 anaconda simulacra (IceCv)
  9 red devils
  10 wind drakes (Pan)
  7 tyrant leeches
  11 polar bears
  7 hornets
  3 bog bodies (Swamp:2)
  A tarantella zombie (Crypt:2)
  3 blink frogs (Lair:3)
  15 dream sheep
  7 hippogriffs
  5 raiju
  A slime creature (shapeshifter) (Vaults:5)
  41 slime creatures
  6 flying skulls (Crypt:2)
  An ice dragon skeleton (Abyss:1)
  5 shadows
  21 starcursed masses
  A fire dragon skeleton (Abyss:2)
  2 vampires
  5 redbacks
  A spriggan (shapeshifter) (Depths:1)
  4 wyverns
  An ettin skeleton (Pan)
  A black mamba skeleton (Pan)
  20 humans (D:13)
  7 wraiths
  2 ushabtiu (Crypt:3)
  12 ynoxinuls
  A water elemental (D:15)
  14 yaks
  5 fire bats
  A golden eye (shapeshifter) (Vaults:5)
  5 golden eyes
  4 basilisks
  7 hungry ghosts
  A faun zombie (Crypt:2)
  An emperor scorpion simulacrum (Crypt:2)
  9 vampire mosquitoes
  3 chaos spawn
  7 neqoxecs
  6 swamp worms
  8 harpy simulacra (IceCv)
  An iron troll simulacrum (IceCv)
  5 wargs
  2 soldier ants (shapeshifter)
  A soldier ant (D:8)
  4 spatial vortices (Abyss:2)
  3 hydra simulacra (IceCv)
  A naga (shapeshifter) (Depths:1)
  2 acid dragons
  61 nagas
  8 water moccasins
  A deep troll skeleton (Crypt:1)
  Duvessa (D:6)
  2 porcupines (Lair:2)
  13 black bears
  47 orc warriors
  2 spiny frog skeletons
  8 ice beasts
  An alligator simulacrum (IceCv)
  2 sky beasts
  A boggart (shapeshifter) (Depths:2)
  13 swamp drakes
  2 ettin simulacra (IceCv)
  3 boggarts (D:15)
  6 eyes of draining
  6 necrophages
  6 centaurs
  A snapping turtle zombie (Crypt:1)
  31 ogres
  21 wolves
  12 crocodiles
  An elephant skeleton (Crypt:2)
  16 bullfrogs
  A big kobold (D:15)
  Blork the orc (D:6)
  A gnoll sergeant (D:9)
  A hippogriff skeleton (Crypt:1)
  An earth elemental (Abyss:1)
  A cyclops skeleton (Crypt:2)
  A water moccasin zombie (D:8)
  Dowan (D:6)
  2 scorpions
  12 killer bees
  2 electric eels (Lair:6)
  9 wights
  4 howler monkeys
  7 crimson imps
  A bullfrog zombie (D:8)
  7 quasits
  22 orc priests
  6 hounds
  A jelly (D:8)
  A basilisk zombie (Crypt:1)
  2 iron imps (Abyss:2)
  2 bullfrog skeletons
  34 orc wizards
  Natasha (D:2)
  5 iguanas
  4 troll simulacra (IceCv)
  A wolf simulacrum (IceCv)
  5 worker ants
  An ogre skeleton (Pan)
  A hound zombie (D:10)
  11 mummies (Crypt:3)
  A howler monkey zombie (D:5)
  A worker ant zombie (D:9)
  5 gnolls
  10 adders
  5 ogre simulacra (IceCv)
  2 shadow imps
  12 white imps
  8 ufetubi
  An ooze (D:3)
  2 adder skeletons
  3 worms
  A dart slug (D:1)
  2 leopard geckos
  137 orcs
  4 giant cockroaches
  7 goblins
  4 hobgoblins
  6 jackals
  4 quokkas
  A ball python (D:6)
  4 bats
  4 frilled lizards
  A frilled lizard zombie (Crypt:1)
  A jackal zombie (D:5)
  15 kobolds
  A leopard gecko skeleton (D:4)
  6 rats
  A crawling corpse (Vaults:5)
  5 fungi
  A lurking horror (Abyss:4)
  5 plants
  7 starspawn tentacles
  5 withered plants (Crypt:3)
2044 creatures vanquished.

Vanquished Creatures (collateral kills)
  the Royal Jelly (Slime:5)
  A titan (Pan)
  An Executioner (Pan)
  A tengu reaver (Vaults:5)
  A thorn hunter (Swamp:4)
  A shadow dragon (Vaults:5)
  Donald (Orc:2)
  2 orc warlords (Orc:2)
  3 cacodemons (Pan)
  A deep elf elementalist (Vaults:5)
  An entropy weaver (Vaults:4)
  A very ugly thing (Pan)
  Nessos (Lair:5)
  A blizzard demon (Abyss:2)
  A death ooze (Slime:5)
  3 yaktaur captains
  4 hydras
  A centaur warrior (Vaults:2)
  An ogre mage (Vaults:4)
  A wretched star (Abyss:2)
  2 sixfirhies (Pan)
  A titan skeleton (Abyss:2)
  A glowing orange brain (Pan)
  2 ironbrand convokers
  An orb spider (Abyss:2)
  4 shining eyes
  2 ugly things (Vaults:2)
  An apocalypse crab (Abyss:2)
  A komodo dragon (Lair:4)
  A hellwing (Pan)
  A yaktaur (Vaults:5)
  An ancient zyme (Abyss:2)
  3 slime creatures
  An air elemental (Abyss:2)
  A redback (Vaults:4)
  2 yaks (Lair:4)
  A golden eye (Slime:5)
  13 neqoxecs
  A harpy simulacrum (IceCv)
  5 orc warriors
  An eye of draining (Slime:5)
  A killer bee (D:9)
  An orc priest (Orc:2)
  An iron imp (Abyss:2)
  A crocodile zombie (Crypt:1)
  A white imp (Abyss:2)
  An ufetubus (Abyss:2)
  5 orcs (Orc:2)
  A plant (Lair:5)
86 creatures vanquished.

Vanquished Creatures (others)
  A titan (Pan)
  An eldritch tentacle (Pan)
  A deep elf elementalist (Vaults:5)
  A blood saint (Pan)
  A deep elf annihilator (Pan)
  A blizzard demon (Pan)
  A vault guard (Vaults:5)
  An alligator (Swamp:2)
  3 wind drakes (Pan)
  A chaos spawn (Abyss:3)
  A necrophage (Crypt:1)
  2 ball lightnings (Pan)
  An orc (D:9)
  2 blocks of ice (Pan)
  4 briar patches
  3 fungi
  6 plants
  6 spectral weapons
  7 starspawn tentacles
  2 withered plants (Crypt:3)
46 creatures vanquished.

Grand Total: 2176 creatures vanquished

Notes
Turn   | Place    | Note
-------+----------+-------------------------------------------
     0 | D:1      | Lavandula the Centaur Berserker began the quest for the
                  | Orb.
     0 | D:1      | Reached XP level 1. HP: 19/19 MP: 1/1
    38 | D:1      | Reached skill level 3 in Axes
   137 | D:1      | Reached XP level 2. HP: 17/26 MP: 2/2
   346 | D:2      | Found a faded altar of an unknown god.
   376 | D:2      | Found a blossoming altar of Fedhas.
   426 | D:2      | Reached XP level 3. HP: 26/31 MP: 3/3
   471 | D:2      | Noticed Natasha
   481 | D:2      | Killed Natasha
   481 | D:2      | Reached skill level 4 in Axes
   557 | D:2      | Reached ** piety under Trog
   666 | D:3      | You fall through a shaft!
   666 | D:4      | Found a glowing silver altar of Zin.
   666 | D:4      | Noticed an angel
   675 | D:4      | Reached XP level 4. HP: 38/38 MP: 4/4
   805 | D:3      | Found a shattered altar of Ashenzari.
   805 | D:3      | Found a glowing golden altar of the Shining One.
   806 | D:3      | Found a snail-covered altar of Cheibriados.
   808 | D:3      | Found an ornate altar of the Wu Jian Council.
  1042 | D:3      | Reached skill level 5 in Axes
  1098 | D:3      | Reached XP level 5. HP: 20/45 MP: 5/5
  1396 | D:2      | Reached *** piety under Trog
  1682 | D:4      | Reached skill level 6 in Axes
  1783 | D:4      | Reached XP level 6. HP: 49/51 MP: 6/6
  1850 | D:5      | Entered Level 5 of the Dungeon
  2030 | D:4      | Reached skill level 7 in Axes
  2432 | D:5      | Reached XP level 7. HP: 57/57 MP: 7/7
  2597 | D:6      | Reached skill level 8 in Axes
  2847 | D:6      | Noticed Dowan
  2849 | D:6      | Noticed Duvessa
  2856 | D:6      | Reached skill level 9 in Axes
  2856 | D:6      | Reached XP level 8. HP: 63/63 MP: 8/8
  2859 | D:6      | Killed Dowan
  2862 | D:6      | Killed Duvessa
  2933 | D:6      | Reached **** piety under Trog
  2943 | D:6      | Noticed Blork the orc
  2952 | D:6      | Killed Blork the orc
  2952 | D:6      | Reached skill level 1 in Shields
  3033 | D:6      | Noticed a four-headed hydra
  3168 | D:7      | Found a bloodstained altar of Trog.
  3692 | D:8      | Found a staircase to the Lair.
  3792 | D:9      | Reached skill level 10 in Axes
  3799 | D:9      | Reached XP level 9. HP: 35/69 MP: 9/9
  4048 | D:8      | Reached skill level 11 in Axes
  4130 | D:6      | Killed a five-headed hydra
  4353 | D:6      | Found a staircase to the Ecumenical Temple.
  4380 | D:6      | Reached skill level 12 in Axes
  4716 | D:8      | Reached XP level 10. HP: 65/77 MP: 10/10
  4728 | D:8      | Paralysed by a hornet for 1 turns
  4805 | D:9      | Found an opulent altar of Gozag.
  4818 | D:9      | Reached ***** piety under Trog
  5006 | D:9      | Noticed Erica
  5018 | D:9      | Killed Erica
  5018 | D:9      | Reached skill level 13 in Axes
  5036 | D:9      | Got a dazzling bardiche
  5042 | D:9      | Identified the cursed +0 bardiche of the Turnip {chop, +Inv
                  | rElec rC+ Int+4} (You found it on level 9 of the Dungeon)
  5158 | D:9      | Found a staircase to the Orcish Mines.
  5247 | D:9      | Noticed a gargoyle
  5260 | D:9      | Killed a gargoyle
  5320 | Orc:1    | Entered Level 1 of the Orcish Mines
  5452 | D:9      | Reached skill level 14 in Axes
  5508 | D:10     | Entered Level 10 of the Dungeon
  5605 | D:10     | Received a gift from Trog
  5707 | D:10     | Reached XP level 11. HP: 53/82 MP: 11/11
  5976 | Orc:1    | Noticed a two-headed ogre
  5983 | Orc:1    | Killed a two-headed ogre
  5983 | Orc:1    | Reached skill level 5 in Fighting
  6063 | Orc:2    | Entered Level 2 of the Orcish Mines
  6063 | Orc:2    | Noticed an orc knight
  6065 | Orc:2    | Noticed Snorg
  6078 | Orc:2    | Found a staircase to the Elven Halls.
  6078 | Orc:2    | Noticed an orc knight
  6122 | Orc:1    | Killed an orc knight
  6155 | Orc:2    | Noticed Josephine
  6335 | Orc:1    | Killed an orc knight
  6342 | Orc:1    | Killed Josephine
  6342 | Orc:1    | Reached skill level 15 in Axes
  6405 | Orc:2    | Noticed an orc warlord
  6602 | Orc:2    | Killed Snorg
  6663 | Orc:2    | Noticed an orc high priest
  6683 | Orc:2    | Killed an orc high priest
  6889 | Orc:2    | Noticed Maurice
  6902 | Orc:2    | Noticed Donald
  6920 | Orc:2    | Received a gift from Trog
  7035 | Orc:2    | Reached ****** piety under Trog
  7056 | Orc:2    | Noticed an orc high priest
  7074 | Orc:2    | Killed an orc high priest
  7074 | Orc:2    | Reached XP level 12. HP: 57/97 MP: 12/12
  7103 | Orc:1    | Reached skill level 16 in Axes
  7228 | Orc:2    | Found a roughly hewn altar of Beogh.
  7381 | Orc:2    | Killed Maurice
  7417 | Orc:2    | Killed an orc warlord
  7431 | Orc:2    | Noticed an orc warlord
  7446 | Orc:2    | Killed an orc warlord
  7479 | Orc:2    | Found Ceagacao's Antique Weapon Emporium.
  7480 | Orc:2    | Found a roughly hewn altar of Beogh.
  7483 | Orc:2    | Found Heczoqas's Antique Armour Shoppe.
  7618 | Orc:2    | Found a roughly hewn altar of Beogh.
  7632 | Orc:2    | Found Tuabbecw's Distillery.
  7641 | Orc:2    | Bought a potion of heal wounds for 65 gold pieces
  7641 | Orc:2    | Bought a potion of degeneration for 13 gold pieces
  7834 | Orc:2    | Found a roughly hewn altar of Beogh.
  7834 | Orc:2    | Found Ytsoa's Food Shoppe.
  7837 | Orc:2    | Reached skill level 5 in Dodging
  7847 | Orc:2    | Received a gift from Trog
  7902 | Orc:2    | Killed Donald
  8000 | Orc:2    | Found a roughly hewn altar of Beogh.
  8079 | Orc:2    | Found a roughly hewn altar of Beogh.
  8181 | Orc:2    | Bought a potion of mutation for 104 gold pieces
  8181 | Orc:2    | Gained mutation: You are partially covered in slimy green
                  | scales. (AC +2) [potion of mutation]
  8181 | Orc:2    | Gained mutation: You possess an exceptional clarity of
                  | mind. [potion of mutation]
  8181 | Orc:2    | Gained mutation: You have a pair of small antennae on your
                  | head. [potion of mutation]
  8327 | Lair:1   | Entered Level 1 of the Lair of Beasts
  8346 | Lair:1   | Found the +3 salamander hide armour {+Rage rF++}
  8711 | Lair:5   | Noticed Nessos
  8890 | Lair:4   | Noticed an eight-headed hydra
  8943 | Lair:4   | Killed an eight-headed hydra
  8965 | Lair:4   | Noticed a seven-headed hydra
  9013 | Lair:4   | Killed a ten-headed hydra
  9013 | Lair:4   | Reached XP level 13. HP: 95/103 MP: 13/13
  9030 | Lair:4   | Found a staircase to the Swamp.
  9090 | Lair:5   | Killed Nessos
  9131 | Lair:6   | Entered Level 6 of the Lair of Beasts
  9214 | Lair:6   | Received a gift from Trog
  9519 | Lair:6   | Noticed a dire elephant
  9533 | Lair:6   | Killed a dire elephant
  9537 | Lair:6   | Reached skill level 5 in Armour
  9539 | Lair:6   | Found the +8 mithril axe "Arga" {speed, MR+}
  9552 | Lair:6   | Got a crude scale mail
  9563 | Lair:6   | Identified the +6 scale mail of the Flute {*Corrode +Fly
                  | rN++ Int+4} (You found it on level 6 of the Lair of Beasts)
  9726 | Lair:6   | Found a staircase to the Slime Pits.
 10243 | Lair:2   | Reached XP level 14. HP: 91/111 MP: 14/14
 10367 | Swamp:1  | Entered Level 1 of the Swamp
 10424 | Swamp:1  | Noticed a thorn hunter
 10443 | Swamp:1  | Killed a thorn hunter
 10772 | Swamp:2  | Noticed a thorn hunter
 10819 | Swamp:2  | Killed a thorn hunter
 10875 | Swamp:3  | Noticed a thorn hunter
 10888 | Swamp:3  | Killed a thorn hunter
 10911 | Swamp:3  | Received a gift from Trog
 11049 | Swamp:4  | Entered Level 4 of the Swamp
 11077 | Swamp:4  | Found a frozen archway.
 11104 | IceCv    | Entered an ice cave
 11521 | IceCv    | Received a gift from Trog
 11992 | Swamp:3  | Noticed a thorn hunter
 12109 | Swamp:4  | Noticed a thorn hunter
 12115 | Swamp:4  | Killed a thorn hunter
 12168 | Swamp:4  | Reached XP level 15. HP: 126/126 MP: 15/15
 12177 | Swamp:4  | Reached skill level 17 in Axes
 12186 | Swamp:4  | Noticed a thorn hunter
 12194 | Swamp:4  | Noticed a thorn hunter
 12275 | Swamp:4  | Killed a thorn hunter
 12510 | Swamp:4  | Killed a thorn hunter
 12560 | Swamp:4  | Got a decaying rune of Zot
 12959 | Lair:3   | Reached skill level 18 in Axes
 13268 | Lair:2   | Found a staircase to the Snake Pit.
 13322 | Snake:1  | Entered Level 1 of the Snake Pit
 14015 | Snake:1  | Found Toaxoada's Book Shop.
 14110 | Snake:1  | Found Ryegoqes's Weapon Boutique.
 14110 | Snake:1  | Found Usmell's Gadget Shop.
 14115 | Snake:1  | Found Zeupnim's Armour Boutique.
 14199 | Snake:1  | Found Zucsoitt's Book Shop.
 14262 | Snake:3  | Reached skill level 19 in Axes
 14371 | Snake:4  | Entered Level 4 of the Snake Pit
 14420 | Snake:4  | Reached XP level 16. HP: 77/134 MP: 16/16
 14626 | Snake:4  | Received a gift from Trog
 14756 | Snake:4  | Noticed Vashnia
 14826 | Snake:4  | Killed Vashnia
 15101 | Snake:3  | Reached skill level 20 in Axes
 15168 | Snake:3  | Reached skill level 10 in Fighting
 16070 | Snake:4  | Reached XP level 17. HP: 148/148 MP: 17/17
 16161 | Snake:4  | Reached skill level 10 in Dodging
 16190 | Snake:4  | Received a gift from Trog
 16302 | Snake:4  | Got a serpentine rune of Zot
 16831 | D:12     | Found a runed door.
 16835 | D:12     | Noticed HoaS's ghost (journeyman GrBe)
 16848 | D:12     | Killed HoaS's ghost
 16980 | D:13     | Found a labyrinth entrance.
 16987 | Lab      | Entered a labyrinth
 17264 | Lab      | Got a coiled brass ring
 17285 | Lab      | Identified the ring "Raisoi Jomiwk" {rF+ rC+ MR++ Int+8
                  | Dex-4} (You took it off a minotaur in a labyrinth)
 17447 | D:13     | Received a gift from Trog
 17498 | D:13     | Found a gate to the Vaults.
 17543 | Vaults:1 | Entered Level 1 of the Vaults
 17938 | Vaults:2 | Received a gift from Trog
 18109 | Vaults:2 | Noticed Mennas
 18178 | Vaults:2 | Reached skill level 15 in Fighting
 18201 | Vaults:2 | Reached XP level 18. HP: 57/163 MP: 18/18
 18707 | Vaults:2 | Reached skill level 1 in Evocations
 19182 | Vaults:3 | Found a staircase to the Crypt.
 19182 | Vaults:3 | Found a basalt altar of Yredelemnul.
 19298 | Vaults:4 | Received a gift from Trog
 19614 | Vaults:4 | Received a gift from Trog
 19860 | Vaults:5 | Entered Level 5 of the Vaults
 19867 | Vaults:5 | Reached XP level 19. HP: 176/177 MP: 21/21
 19875 | Vaults:5 | Reached skill level 21 in Axes
 20145 | Vaults:4 | Received a gift from Trog
 20168 | Vaults:4 | Noticed Xtahua
 20190 | Vaults:4 | Killed Xtahua
 20287 | Vaults:4 | Reached skill level 22 in Axes
 20723 | Vaults:5 | Received a gift from Trog
 20821 | Vaults:5 | HP: 8/177 [shadow dragon/bolt of negative energy (36)]
 20902 | Vaults:5 | Reached XP level 20. HP: 184/184 MP: 22/22
 20942 | Vaults:5 | Noticed an ancient lich
 20963 | Vaults:5 | Killed an ancient lich
 21134 | Vaults:5 | Noticed an ancient lich
 21149 | Vaults:5 | Got a warped marble ring
 21179 | Vaults:5 | Reached skill level 23 in Axes
 21781 | Vaults:5 | Got a silver rune of Zot
 22046 | Vaults:5 | Received a gift from Trog
 22248 | Vaults:5 | Identified the Almanac of the Cuttlefish
 22407 | Vaults:5 | Identified the Grimoire of Creation and Flight
 22461 | Vaults:5 | Got an ancient platinum ring
 22463 | Vaults:5 | Identified the ring of the Tarantula {rPois rN++ Str+2
                  | Dex+3 Slay+3} (You took it off a deep elf mage on level 5
                  | of the Vaults)
 22479 | Vaults:5 | Identified the cursed ring "Loustuihimi" {rF+ Str+4 Int-3}
                  | (You took it off a vault sentinel on level 5 of the Vaults)
 22629 | Vaults:2 | Reached skill level 24 in Axes
 22907 | Temple   | Entered the Ecumenical Temple
 22969 | Temple   | Fell from the grace of Trog
 22969 | Temple   | Became a worshipper of Makhleb the Destroyer
 23130 | Orc:2    | Bought the +2 robe of Vines {NoPotionHeal Regen+7} for 2720
                  | gold pieces
 23130 | Orc:2    | Found the +2 robe of Vines {NoPotionHeal Regen+7}
 23331 | Snake:1  | Bought a book of Minor Magic for 300 gold pieces
 23336 | Snake:1  | Learned a level 2 spell: Blink
 23650 | Vaults:2 | Reached skill level 1 in Translocations
 23708 | Vaults:3 | Found an ancient bone altar of Kikubaaqudgha.
 23714 | Crypt:1  | Entered Level 1 of the Crypt
 23961 | Crypt:1  | Reached * piety under Makhleb
 24064 | Crypt:1  | Reached skill level 1 in Invocations
 24355 | Crypt:1  | Reached XP level 21. HP: 168/191 MP: 7/23
 24369 | Crypt:1  | Reached skill level 1 in Spellcasting
 24436 | Crypt:2  | Reached ** piety under Makhleb
 24543 | Crypt:3  | Entered Level 3 of the Crypt
 24603 | Crypt:3  | Learned a level 8 spell: Necromutation
 24697 | Crypt:3  | Reached skill level 1 in Transmutations
 24924 | Crypt:3  | Reached *** piety under Makhleb
 25076 | Crypt:3  | Found a staircase to the Tomb.
 25083 | Crypt:3  | Found the ring of Shadows {Umbra +Inv Stlth+}
 25285 | Crypt:3  | Learned a level 4 spell: Passage of Golubria
 25290 | Crypt:3  | Learned a level 4 spell: Summon Lightning Spire
 25297 | Crypt:3  | Learned a level 6 spell: Deflect Missiles
 25410 | Crypt:3  | Reached skill level 1 in Air Magic
 25547 | Crypt:3  | Found an ancient bone altar of Kikubaaqudgha.
 25586 | Crypt:3  | Found the +9 sword of Zonguldrok {reap}
 25627 | Crypt:3  | Identified Mualas's Handbook of Helpful Black Magic
 25636 | Crypt:3  | Learned a level 3 spell: Spectral Weapon
 25711 | Crypt:3  | Got a brightly glowing silver ring
 25718 | Crypt:3  | Reached skill level 1 in Charms
 25721 | Crypt:3  | Identified the ring of Eruelo {+Blink rF+ rN+ Dex+3 Stlth+}
                  | (You took it off a hell knight on level 3 of the Crypt)
 25749 | Crypt:3  | Reached **** piety under Makhleb
 25753 | Crypt:3  | Got a clouded lapis lazuli ring
 25764 | Crypt:3  | Identified the ring "Tivvafy" {rPois rN+ MR+} (You took it
                  | off a hell knight on level 3 of the Crypt)
 26247 | D:15     | Entered Level 15 of the Dungeon
 26264 | D:15     | Reached skill level 5 in Air Magic
 26397 | D:15     | Reached ***** piety under Makhleb
 26612 | D:15     | Identified a scroll of acquirement
 26750 | D:15     | Found a staircase to the Depths.
 26786 | Depths:1 | Entered Level 1 of the Depths
 27034 | Depths:2 | Found Urucsaep's Book Shoppe.
 27189 | Depths:2 | Reached XP level 22. HP: 198/198 MP: 28/28
 27196 | Depths:2 | Found Cirris Yzak's General Store.
 27238 | Depths:2 | Found Peawuc's Food Shoppe.
 27261 | Depths:2 | Found a one-way gate leading to the halls of Pandemonium.
 27282 | Depths:2 | Found Mikh's Antique Armour Emporium.
 27331 | Depths:1 | Reached ****** piety under Makhleb
 27403 | Depths:2 | Paralysed by Trog for 6 turns
 27412 | Depths:2 | Reached skill level 5 in Charms
 27421 | Depths:2 | Found Qaoleh's Assorted Antiques.
 27494 | Depths:2 | Bought a book of Cantrips for 280 gold pieces
 27496 | Depths:2 | Learned a level 1 spell: Apportation
 27501 | Depths:2 | Found a gateway to Hell.
 27602 | Depths:2 | Bought a scroll of acquirement for 520 gold pieces
 27620 | Depths:2 | Reached skill level 5 in Spellcasting
 28150 | Slime:1  | Entered Level 1 of the Pits of Slime
 28219 | Slime:4  | Reached skill level 1 in Summonings
 28239 | Slime:5  | Entered Level 5 of the Pits of Slime
 28309 | Slime:5  | Noticed the Royal Jelly
 28363 | Slime:4  | Reached skill level 5 in Summonings
 28420 | Slime:5  | Found a viscous altar of Jiyva.
 28731 | Slime:5  | Killed the Royal Jelly
 28742 | Slime:5  | Identified the Grimoire of Black Rituals and Envenoming
 28756 | Slime:5  | Got a twitching glass ring
 28767 | Slime:5  | Identified the ring "Unegrug" {rC+++ MR++ MP+9 Str-3 Int+3}
                  | (You found it on level 5 of the Pits of Slime)
 28837 | Slime:5  | Got a slimy rune of Zot
 28848 | Slime:5  | Got an ancient glass ring
 28850 | Slime:5  | Identified the ring "Zobrufyemp" {rElec rPois rC+ Int+4}
                  | (You found it on level 5 of the Pits of Slime)
 28987 | Lair:6   | Learned a level 1 spell: Summon Butterflies
 29126 | Lair:3   | Reached skill level 1 in Hexes
 29277 | Orc:2    | Bought a runed executioner's axe for 546 gold pieces
 29711 | Depths:3 | Reached skill level 5 in Hexes
 29722 | Depths:3 | Found Ibyoripn's Assorted Antiques.
 29735 | Depths:3 | Bought a scroll of enchant weapon for 322 gold pieces
 29794 | Depths:3 | Found a gateway to a ziggurat.
 29813 | Hell     | Entered the Vestibule of Hell
 29813 | Hell     | Noticed Geryon
 29959 | Depths:3 | Learned a level 3 spell: Regeneration
 29960 | Pan      | Entered Pandemonium
 30178 | Pan      | Noticed Mifil the pandemonium lord
 30187 | Pan      | HP: 7/198 [large abomination (42)]
 30191 | Pan      | Entered the realm of Cerebov.
 30385 | Pan      | Reached XP level 23. HP: 204/204 MP: 11/33
 30599 | Pan      | Identified the +1 scale mail of Yjaosah {*Contam rElec
                  | rF+++ Int+3} (You found it in Pandemonium)
 30669 | Pan      | Noticed Cerebov
 30759 | Pan      | Got a fiery rune of Zot
 30780 | Pan      | Entered the realm of Gloorx Vloq.
 31134 | Pan      | Reached skill level 5 in Transmutations
 31477 | Pan      | Noticed Gloorx Vloq
 31485 | Pan      | Got a dark rune of Zot
 31749 | Pan      | Reached skill level 5 in Invocations
 32171 | Pan      | Noticed Apamnot the pandemonium lord
 32195 | Pan      | Killed Apamnot the pandemonium lord
 32223 | Pan      | Found an exit through the horrors of the Abyss.
 32379 | Pan      | Took an exit into the Abyss.
 32379 | Abyss:1  | Escaped into the Abyss
 32473 | Abyss:1  | Reached skill level 10 in Invocations
 32811 | Abyss:2  | Found a corrupted altar of Lugonu.
 33184 | Abyss:2  | Paralysed by you for 2 turns
 33552 | Abyss:3  | Found a corrupted altar of Lugonu.
 33575 | Abyss:3  | Identified Conymamyh's Papyrus of Shifting Creation
 33600 | Abyss:3  | Reached XP level 24. HP: 208/208 MP: 11/33
 33649 | Abyss:3  | Reached skill level 10 in Transmutations
 33882 | Abyss:4  | Got an abyssal rune of Zot
 33900 | Abyss:5  | Entered Level 5 of the Abyss
 33966 | Depths:3 | Escaped the Abyss
 34051 | Pan      | Entered the realm of Mnoleg.
 34051 | Pan      | Entered Pandemonium
 34222 | Pan      | Reached skill level 25 in Axes
 34276 | Pan      | Noticed Mnoleg
 34328 | Pan      | Lost mutation: You possess an exceptional clarity of mind.
                  | [Mnoleg's mutagenic touch]
 34353 | Pan      | Killed Mnoleg
 34422 | Pan      | Got a glowing rune of Zot
 34503 | Pan      | Entered the realm of Lom Lobon.
 34556 | Pan      | Found an exit through the horrors of the Abyss.
 35085 | Pan      | Got a magical rune of Zot
 35088 | Pan      | Noticed Lom Lobon
 35193 | Pan      | Gained mutation: You occasionally shout uncontrollably at
                  | your foes. [a cacodemon]
 35201 | Pan      | Was forgiven by Trog
 35264 | Pan      | Noticed Ypuiseck the pandemonium lord
 35284 | Pan      | Killed from afar by Ypuiseck the pandemonium lord

Skill      XL: |  1  2  3  4  5  6  7  8  9 10 11 12 13 14 15 16 17 18 19 20 21 22 23 24 |
---------------+-------------------------------------------------------------------------+-----
Axes           | 3 4 5 6 7 9 10 12 14 15 16 19 20 22 24 25 | 25.8
Shields        | 3 |  3.7
Fighting       | 6 9 12 15 17 | 17.0
Dodging        | 8 9 11 | 11.1
Armour         | 8 9 |  9.0
Evocations     | 3 |  3.9
Translocations | 4 |  4.7
Invocations    | 3 4 11 | 11.0
Spellcasting   | 4 7 |  7.0
Transmutations | 4 9 11 | 11.0
Air Magic      | 8 9 |  9.1
Charms         | 3 5 |  5.0
Summonings     | 5 |  5.0
Hexes          | 7 |  7.2

Action                   |  1- 3 |  4- 6 |  7- 9 | 10-12 | 13-15 | 16-18 | 19-21 | 22-24 || total
-------------------------+-------+-------+-------+-------+-------+-------+-------+-------++-------
Melee: Hand axe          |    68 |   142 |   186 |       |       |       |       |       ||   396
       Kick              |    10 |    33 |    53 |   152 |   307 |   336 |   468 |   571 ||  1930
       Spear             |     5 |    13 |   136 |    24 |       |       |       |       ||   178
       War axe           |       |       |    61 |   437 |       |       |       |       ||   498
       Bardiche          |       |       |       |    11 |       |       |       |       ||    11
       Broad axe         |       |       |       |   239 |   862 |       |       |       ||  1101
       Executioner's axe |       |       |       |       |    15 |       |   635 |  1205 ||  1855
       Battleaxe         |       |       |       |       |    99 |   972 |   503 |   252 ||  1826
 Fire: Hunting sling     |       |    17 |     7 |     7 |       |       |       |       ||    31
Throw: Tomahawk          |       |       |     5 |    14 |    18 |     6 |       |       ||    43
       Throwing net      |       |       |       |       |       |     1 |       |       ||     1
       Javelin           |       |       |       |       |       |    12 |     5 |       ||    17
 Cast: Blink             |       |       |       |       |       |       |     6 |    24 ||    30
       Deflect Missiles  |       |       |       |       |       |       |     2 |     9 ||    11
       Spectral Weapon   |       |       |       |       |       |       |     1 |     6 ||     7
       Summon Lightning  |       |       |       |       |       |       |       |     6 ||     6
       Regeneration      |       |       |       |       |       |       |       |     9 ||     9
       Apportation       |       |       |       |       |       |       |       |     1 ||     1
Invok: Berserk           |     4 |     7 |     9 |    24 |    31 |    31 |    15 |       ||   121
       Trog's Hand       |       |       |     4 |     6 |    21 |    21 |    30 |       ||    82
       Brothers in Arms  |       |       |     2 |     4 |     6 |     4 |     6 |       ||    22
       Lesser Servant of |       |       |       |       |       |       |       |    15 ||    15
       Greater Servant o |       |       |       |       |       |       |       |    10 ||    10
Evoke: Wand              |       |       |     1 |     4 |     9 |    10 |     5 |    22 ||    51
       Lightning rod     |       |       |       |       |       |       |     4 |       ||     4
       Box of beasts     |       |       |       |       |       |       |     2 |     1 ||     3
       Phantom mirror    |       |       |       |       |       |       |     1 |       ||     1
  Use: Scroll            |       |     1 |     7 |     7 |    22 |     7 |    25 |    22 ||    91
       Potion            |       |       |       |     1 |     9 |     5 |    10 |     9 ||    34
 Stab: Distracted        |       |       |       |     1 |       |       |     1 |     8 ||    10
       Petrified         |       |       |       |       |    15 |       |       |       ||    15
       Petrifying        |       |       |       |       |     1 |       |       |       ||     1
       Held in net/web   |       |       |       |       |       |     1 |       |       ||     1
       Confused          |       |       |       |       |       |     1 |       |       ||     1
       Sleeping          |       |       |       |       |       |       |       |     3 ||     3
       Invisible         |       |       |       |       |       |       |       |     3 ||     3
       Paralysed         |       |       |       |       |       |       |       |     1 ||     1
  Eat: Chunk             |     2 |    11 |     6 |    38 |    23 |    34 |    39 |    12 ||   165
       Ration            |       |       |     3 |     2 |    11 |     6 |     4 |     6 ||    32
Armor: Animal skin       |    18 |       |       |       |       |       |       |       ||    18
       Scale mail        |     2 |    29 |   193 |    47 |     4 |       |       |       ||   275
       Ring mail         |       |    37 |       |   157 |       |       |       |       ||   194
       Leather armour    |       |       |       |    16 |    88 |       |       |       ||   104
       Chain mail        |       |       |       |       |   119 |       |       |       ||   119
       Swamp dragon scal |       |       |       |       |   290 |   396 |   159 |       ||   845
       Troll leather arm |       |       |       |       |       |    35 |    40 |       ||    75
       Robe              |       |       |       |       |       |       |   282 |   760 ||  1042
       Acid dragon scale |       |       |       |       |       |       |       |    49 ||    49
       Skin              |       |       |       |       |       |       |       |     1 ||     1
Dodge: Dodged            |    31 |    76 |   128 |   230 |   330 |   306 |   493 |   719 ||  2313
       Deflected         |       |       |       |       |       |       |     4 |    38 ||    42
Block: Buckler           |       |       |    51 |   110 |    38 |       |       |       ||   199
